 Dungeon Crawl Stone Soup version 0.29.0-4-gdea44cf6ec (webtiles) character file.

Game seed: 8000230186899645446

564 qw the Cleaver (level 7, -12/60 HPs)
             Began as a Minotaur Fighter on Sept 8, 2022.
             Mangled by an ogre
             ... wielding a +0 giant club
              (20 damage)
             ... on level 5 of the Dungeon.
             The game lasted 00:01:32 (3567 turns).

qw the Cleaver (Minotaur Fighter)                   Turns: 3567, Time: 00:01:32

Health: -12/60     AC: 11    Str: 22    XL:     7   Next: 10%
Magic:  6/6        EV:  6    Int:  5    God:
Gold:   85         SH:  4    Dex: 10    Spells: 6/6 levels left

rFire   . . .      SeeInvis .   Y - +1 war axe
rCold   . . .      Faith    .   c - +0 buckler
rNeg    . . .      Spirit   .   r - +0 plate armour
rPois   .          Reflect  .   (helmet restricted)
rElec   .          Harm     .   (no cloak)
rCorr   +          Rampage  .   (no gloves)
Will    .....                   (no boots)
Stlth   ..........              (no amulet)
HPRegen 0.20/turn               l - ring of resist corrosion
MPRegen 0.10/turn               (no ring)

@: no status effects
A: horns 2, retaliatory headbutt
a: no special abilities


You were on level 5 of the Dungeon.
You visited 1 branch of the dungeon, and saw 5 of its levels.

You collected 234 gold pieces.
You spent 149 gold pieces at shops.


Innate Abilities, Weirdness & Mutations

You have a pair of horns on your head.
You reflexively headbutt those who attack you in melee.


   Skills:
 - Level 4.8 Fighting
 + Level 8.5 Axes
 - Level 1.1 Throwing
 - Level 3.6 Armour
 - Level 1.0 Dodging
 - Level 3.6 Shields


You had 6 spell levels left.
You didn't know any spells.
Your spell library was empty.

Inventory:

Hand Weapons
 e - a +0 whip of electrocution
 Y - a +1 war axe (weapon)
Missiles
 f - 9 javelins (quivered)
Armour
 a - the +2 buckler of the Shining One {-Tele rPois rN+ Dex+4}
   (You acquired it on level 4 of the Dungeon)

   Dex:       It affects your dexterity (+4).
   rPois:     It protects you from poison.
   rN:        It protects you from negative energy.
   -Tele:     It prevents most forms of teleportation.
 c - a +0 buckler (worn)
 r - a +0 plate armour (worn)
Jewellery
 l - a ring of resist corrosion (left hand)
 q - a ring of ice
Scrolls
 b - 4 scrolls of identify
Potions
 d - 2 potions of might
 g - a potion of resistance
 h - 2 potions of mutation
 k - a potion of curing {unknown}
 n - a potion of attraction {unknown}
 o - 2 potions of haste {unknown}

Dungeon Overview and Level Annotations

Branches:
Dungeon (5/15)
 Temple: D:4-7

Altars:
Gozag
Hepliaklqana
Okawaru
Trog
Wu Jian

Shops:
D:2 ?[(=   D:5 *

Annotations:
D:5 Prince Ribbit


Message History

Prince Ribbit hits you but does no damage.
The orc hits you but does no damage. Prince Ribbit hits you!
You barely miss Prince Ribbit. Your headbutt misses Prince Ribbit.
Prince Ribbit is moderately wounded.
You hit the orc. Prince Ribbit hits you!
3563 ||| DRINKING potion of heal wounds.
You feel much better. Prince Ribbit hits you.
The orc hits you but does no damage. Something hits you but does no damage.
The orc hits you but does no damage. Something hits you.
Prince Ribbit closely misses you. You furiously retaliate!
You headbutt Prince Ribbit! You hit the orc.
You kill the orc!
You slash Prince Ribbit! You barely miss the orc. You miss something.
Something hits you but does no damage.
Prince Ribbit blinks!
Something hits you but does no damage. The ogre hits you but does no damage.
You block the orc's attack.
You slash the orc priest! Your headbutt misses the orc priest.
The orc priest is severely wounded.
You hit something but do no damage. You hit the ogre. You closely miss the orc.
Prince Ribbit blinks!
Something hits you but does no damage.
The orc priest invokes the aid of Beogh against you.
Beogh smites you! The orc hits you but does no damage.
You hit the orc priest. You headbutt the orc priest.
You kill the orc priest!
You hit the ogre. You slash the iguana! You barely miss the orc.
You hit something. Something hits you but does no damage.
The ogre barely misses you.
The orc priest looks satisfied for a moment.
Something hits you but does no damage. The iguana barely misses you.
You furiously retaliate!
You headbutt the iguana!
You kill the iguana!
You have reached level 7!
You slash the ogre! You headbutt the ogre.
The ogre is almost dead.
You miss something. You hit the orc.
Prince Ribbit blinks!
Something hits you.
Prince Ribbit blinks!
The ogre hits you with a +0 giant club!!
You die...

#..........##..###.##....#..
##.......................#..
##...............##.##.....
#.....<.........# .###....
##.................. ....
#................. ...
.........$........ ..
..#........){......
###........@oo.....
#.###...%)O...... ..
#....o..¤.... #.>..........
#......¤..... #.........(...
#.............
#.............


You could see an ogre, an orc priest and 2 orcs.

Vanquished Creatures
  2 ogres
  A black bear (D:4)
  A scorpion (D:4)
  An orc priest (D:5)
  An iguana (D:5)
  An orc wizard (D:5)
  8 adders
  2 worms
  2 dart slugs
  4 orcs
  14 ball pythons
  8 endoplasms
  3 giant cockroaches
  7 hobgoblins
  3 quokkas
  2 bats
  2 frilled lizards (D:2)
  5 goblins
  16 kobolds
  4 rats
87 creatures vanquished.

Notes
Turn   | Place    | Note
-------+----------+-------------------------------------------
     0 | D:1      | qw the Minotaur Fighter began the quest for the Orb.
     0 | D:1      | Reached XP level 1. HP: 19/19 MP: 0/0
     0 | D:1      | 0 ||| qw: Version: 0.1-a-111-g1c1fd2e
     0 | D:1      | 0 ||| qw: Game counter: 6587
     0 | D:1      | 0 ||| qw: Always use a shield: true
     0 | D:1      | 0 ||| qw: God list: Ru
     0 | D:1      | 0 ||| qw: Allow faded altars: false
     0 | D:1      | 0 ||| qw: Do Orc after D:15 true
     0 | D:1      | 0 ||| qw: Do second Lair branch before Depths: true
     0 | D:1      | 0 ||| qw: Lair rune preference: random
     0 | D:1      | 0 ||| qw: Plans: Normal
     0 | D:1      | 0 ||| PLANNING D:1-11
   168 | D:1      | Reached skill level 3 in Axes
   170 | D:1      | Found a faded altar of an unknown god.
   236 | D:1      | Reached XP level 2. HP: 26/26 MP: 1/1
   730 | D:1      | 730 ||| UPGRADING to +0 chain mail.
   740 | D:1      | 740 ||| DROPPING +0 scale mail.
   741 | D:1      | 741 ||| READING scroll labelled TAYVVI HOTES.
   742 | D:1      | 742 ||| DRINKING 2 viscous amethyst potions.
   743 | D:1      | 743 ||| DROPPING potion of invisibility.
   823 | D:2      | Found Zoijin's Jewellery Boutique.
   834 | D:2      | 834 ||| SHOPLISTING +6 ring of dexterity (396 gold, have
                  | 77).
   834 | D:2      | 834 ||| SHOPLISTING amulet of regeneration (330 gold, have
                  | 77).
   834 | D:2      | 834 ||| SHOPLISTING ring of Tycoasoz {rCorr Stlth+} (327
                  | gold, have 77).
   834 | D:2      | 834 ||| SHOPLISTING ring of protection from fire (275 gold,
                  | have 77).
   834 | D:2      | 834 ||| SHOPLISTING ring of resist corrosion (220 gold,
                  | have 77).
   849 | D:2      | Reached skill level 4 in Axes
   868 | D:2      | 868 ||| Stepping ~*~*~tactically~*~*~ (stealth).
   871 | D:2      | Reached XP level 3. HP: 29/31 MP: 2/2
   959 | D:2      | 959 ||| Stepping ~*~*~tactically~*~*~ (stealth).
  1020 | D:2      | You fall into a shaft and drop 2 floors!
  1075 | D:4      | Noticed a scorpion
  1081 | D:4      | Killed a scorpion
  1082 | D:4      | Reached skill level 5 in Axes
  1082 | D:4      | Reached XP level 4. HP: 32/39 MP: 3/3
  1083 | D:4      | 1083 ||| Stepping ~*~*~tactically~*~*~ (stealth).
  1086 | D:4      | 1086 ||| Stepping ~*~*~tactically~*~*~ (stealth).
  1149 | D:4      | 1149 ||| UPGRADING to ring of resist corrosion.
  1150 | D:4      | 1150 ||| READING scroll labelled HAUHOY YMNIN.
  1151 | D:4      | 1151 ||| READING scroll labelled ZOZOCWA UROCI.
  1152 | D:4      | 1152 ||| READING scroll labelled VERHAH DODYRA.
  1153 | D:4      | 1153 ||| READING 3 scrolls labelled DUANUM EJAWN.
  1154 | D:4      | 1154 ||| READING scroll labelled RUSOX HAOPILU.
  1155 | D:4      | 1155 ||| READING scroll labelled LEGOSU ZIKASOSCH.
  1155 | D:4      | Identified a scroll of acquirement
  1155 | D:4      | 1155 ||| ACQUIRING +2 buckler of the Shining One {-Tele
                  | rPois rN+ Dex+4}
  1155 | D:4      | Acquired the +2 buckler of the Shining One {-Tele rPois rN+
                  | Dex+4}
  1157 | D:4      | 1157 ||| DROPPING 2 scrolls of fog.
  1182 | D:3      | Found a bloodstained altar of Trog.
  1196 | D:3      | Identified the +10 dagger "Xipsog" {freeze, rCorr Int+4
                  | Dex+2}
  1249 | D:3      | Found a hazy altar of Hepliaklqana.
  1349 | D:3      | Found an iron altar of Okawaru.
  1489 | D:3      | Reached skill level 1 in Dodging
  1540 | D:3      | 1540 ||| DRINKING 2 smoky golden potions.
  1541 | D:3      | 1541 ||| DROPPING potion of degeneration.
  1595 | D:2      | 1595 ||| Stepping ~*~*~tactically~*~*~ (stealth).
  1600 | D:2      | Reached skill level 6 in Axes
  1601 | D:2      | Reached XP level 5. HP: 45/45 MP: 4/4
  1615 | D:2      | Found Beboqyuh's Weapon Emporium.
  1648 | D:2      | Found Leot's Armour Shoppe.
  1654 | D:2      | 1654 ||| SHOPLISTING +2 pair of boots of stealth (301 gold,
                  | have 155).
  1654 | D:2      | 1654 ||| SHOPLISTING +2 scale mail of fire resistance (294
                  | gold, have 155).
  1757 | D:2      | 1757 ||| Stepping ~*~*~tactically~*~*~ (hiding).
  1758 | D:2      | 1758 ||| Stepping ~*~*~tactically~*~*~ (hiding).
  1760 | D:2      | 1760 ||| Stepping ~*~*~tactically~*~*~ (hiding).
  1864 | D:2      | Found Sygoxt's Magic Scroll Boutique.
  1872 | D:2      | 1872 ||| SHOPLISTING scroll of acquirement (676 gold, have
                  | 159).
  1872 | D:2      | 1872 ||| BUYING scroll of enchant weapon (97 gold).
  1872 | D:2      | Bought a scroll of enchant weapon for 97 gold pieces
  1872 | D:2      | 1872 ||| BUYING scroll of identify (26 gold).
  1872 | D:2      | Bought a scroll of identify for 26 gold pieces
  1872 | D:2      | 1872 ||| BUYING scroll of identify (26 gold).
  1872 | D:2      | Bought a scroll of identify for 26 gold pieces
  1872 | D:2      | 1872 ||| SHOPLISTING scroll of teleportation (39 gold, have
                  | 10).
  1872 | D:2      | 1872 ||| READING scroll of enchant weapon.
  1872 | D:2      | 1872 ||| ENCHANTING +0 war axe.
  1873 | D:2      | 1873 ||| DRINKING 2 sedimented emerald potions.
  1874 | D:2      | 1874 ||| READING 3 scrolls of identify.
  1874 | D:2      | 1874 ||| IDENTIFYING inky potion
  1875 | D:2      | 1875 ||| READING 2 scrolls of identify.
  1875 | D:2      | 1875 ||| IDENTIFYING orange potion
  2013 | D:3      | Found an opulent altar of Gozag.
  2014 | D:3      | 2014 ||| READING scroll labelled DYRYMN GIEHOM.
  2077 | D:4      | Reached skill level 1 in Throwing
  2341 | D:4      | Noticed a black bear
  2356 | D:4      | Killed a black bear
  2357 | D:4      | Reached skill level 7 in Axes
  2357 | D:4      | Reached XP level 6. HP: 18/51 MP: 5/5
  3200 | D:4      | 3200 ||| UPGRADING to +0 plate armour.
  3210 | D:4      | 3210 ||| DROPPING +0 chain mail.
  3211 | D:4      | 3211 ||| READING 2 scrolls of identify.
  3211 | D:4      | 3211 ||| IDENTIFYING smoky yellow potion
  3212 | D:4      | 3212 ||| DROPPING potion of flight.
  3227 | D:5      | Entered Level 5 of the Dungeon
  3242 | D:5      | Found Waqes's Elemental Accessories.
  3243 | D:5      | Found an ornate altar of the Wu Jian Council.
  3284 | D:5      | HP: 12/55 [ogre/+0 giant spiked club (18)]
  3285 | D:5      | 3285 ||| READING scroll of teleportation.
  3286 | D:5      | 3286 ||| DRINKING 2 potions of heal wounds.
  3289 | D:5      | Reached skill level 8 in Axes
  3553 | D:5      | Noticed Prince Ribbit
  3562 | D:5      | HP: 13/55 [Prince Ribbit (10)]
  3563 | D:5      | 3563 ||| DRINKING potion of heal wounds.
  3567 | D:5      | Reached XP level 7. HP: 10/60 MP: 6/6
  3567 | D:5      | HP: 8/60 [something (3)]
  3567 | D:5      | Mangled by an ogre

Levels and vault maps discovered:
D:1:      elethiomel_arrival_infinity_welcomes_careful_drivers,
          layout_loops_cross, ebering_ecumenical_altar_abandoned
D:2:      layout_rooms, serial_shops, shop_fountains, shop,
          nicolae_shop_bloodbath_and_beyond,
          nicolae_shop_competitors_out_of_business
D:3:      layout_basic, okawaru_metal_pillars_1_2, bloody_trog,
          mainiacjoe_overflow_big_doors
D:4:      kennysheep_big_flooded_room, layout_loops_ring,
          minmay_goblin_kobold_house
D:5:      layout_cave_pools, kennysheep_little_box,
          mainiacjoe_overflow_cross_hatched, nicolae_elemental_shop,
          chequers_serial_rivers_small_a, uniq_prince_ribbit1

Skill      XL: |  1  2  3  4  5  6 |
---------------+-------------------+-----
Axes           | 3 4 5 6 7 8 |  8.5
Dodging        | 1 |  1.0
Throwing       | 1 |  1.1
Fighting       | 4 |  4.8
Armour         | |  3.6
Shields        | |  3.6

Action                   |  1- 3 |  4- 6 |  7- 9 || total
-------------------------+-------+-------+-------++-------
Melee: War axe           |    61 |    92 |     1 ||   154
       Headbutt          |    10 |    14 |     1 ||    25
Throw: Javelin           |       |    37 |       ||    37
  Use: Scroll            |     1 |    12 |       ||    13
       Potion            |     1 |     4 |       ||     5
Armor: Scale mail        |     8 |       |       ||     8
       Chain mail        |    16 |    41 |       ||    57
       Plate armour      |       |    17 |       ||    17
Dodge: Dodged            |    15 |    28 |       ||    43
Block: Buckler           |    12 |    20 |       ||    32

Table legend:
 A = Non-vault XP
 B = Vault XP
 C = Vault XP percentage of total XP
 D = Non-vault monster count
 E = Vault monster count
 F = Vault count percentage of total count
                 A         B        C        D         E       F
            +---------+---------+-------+---------+---------+-------
      Total |     785 |      21 |   2.6 |      80 |       7 |   8.0
            +---------+---------+-------+---------+---------+-------
        D:1 |      26 |       0 |   0.0 |      16 |       0 |   0.0
        D:2 |      79 |       0 |   0.0 |      24 |       0 |   0.0
        D:3 |      21 |       0 |   0.0 |      12 |       0 |   0.0
        D:4 |     403 |      21 |   5.0 |      21 |       7 |  25.0
        D:5 |     256 |       0 |   0.0 |       7 |       0 |   0.0
            +---------+---------+-------+---------+---------+-------
